Map: 드림캐처 - 래더

Players

llllllllllll - Winner!

  • Race: Zerg Zerg
  • League: Master
  • Spawn Location: 11:00

INnoVation

  • Race: Terran Terran
  • League: Master
  • Spawn Location: 5:00

VOD

Have the link to the VOD?

Description

Time

  • Played on: Aug. 31, 2018, 5:56 a.m.
  • Length: 16:15
Show
View Real Time Build Order
Export as new Build Order

llllllllllll Zerg - Winner!

Build Orders: Hatch First 

Get SALT Encoding   

  12  0:01  Drone  
  13  0:12  Overlord  
  13  0:17  Drone  
  14  0:31  Drone x2  
  16  0:36  Drone  
  17  0:53  Hatchery  
  17  0:55  Drone  
  17  0:58  Drone  
  18  1:10  Extractor  
  17  1:13  Spawning Pool  
  17  1:16  Drone  
  17  1:20  Drone  
  18  1:29  Drone  
  19  1:40  Drone  
  20  1:54  Overlord  
  20  2:01  Queen  
  20  2:06  Queen  
  20  2:07  Zergling x4  
  26  2:11  Drone  
  27  2:18  Drone  
  28  2:23  Hatchery  
  28  2:27  Drone  
  28  2:28  Drone  
  29  2:37  Queen  
  29  2:41  Drone  
  32  2:44  Metabolic Boost  
  32  2:51  Overlord  
  32  2:52  Drone  
  32  2:53  Drone  
  32  2:58  Drone  
  35  3:02  Drone  
  36  3:09  Drone x2  
  36  3:12  Drone x3  
  41  3:17  Drone x2  
  41  3:18  Overlord  
  43  3:23  Drone  
  44  3:29  Evolution Chamber  
  43  3:34  Queen  
  43  3:36  Queen  
  43  3:37  Drone  
  43  3:38  Drone  
  43  3:41  Drone  
  50  3:42  Drone  
  50  3:47  Drone x2  
  53  3:49  Overlord  
  53  3:50  Drone  
  53  3:53  Drone  
  53  3:54  Drone  
  56  4:03  Zerg Ground Armor Level 1  
  56  4:04  Overlord  
  56  4:05  Drone x2  
  57  4:13  Queen  
  57  4:14  Queen  
  57  4:16  Drone x2  
  63  4:18  Drone  
  63  4:19  Drone  
  65  4:25  Drone x3  
  65  4:26  Drone  
  65  4:28  Drone x3  
  72  4:33  Overlord  
  72  4:36  Overlord  
  72  4:48  Overlord x2  
  72  4:49  Extractor, Queen  
  73  4:56  Zergling x8  
  73  4:57  Zergling x8  
  81  5:01  Overlord x2  
  81  5:07  Hatchery, Zergling x2  
  81  5:08  Zergling x4  
  81  5:13  Lair  
  83  5:17  Zergling x4  
  83  5:18  Baneling Nest  
  83  5:19  Overlord  
  84  5:26  Extractor x2  
  84  5:27  Drone x4  
  84  5:28  Drone x3  
  89  5:35  Zergling x2  
  89  5:36  Zergling x2  
  89  5:41  Zergling x2  
  92  5:45  Extractor  
  92  5:46  Hatchery  
  90  5:50  Evolution Chamber  
  90  5:51  Zergling x6  
  90  5:55  Zergling x4  
  94  5:59  Zergling x2  
  94  6:00  Zergling x12  
  94  6:03  Zerg Melee Weapons Level 1  
  99  6:06  Drone x3  
  100  6:11  Zergling x4  
  100  6:12  Baneling x2  
  100  6:13  Baneling x6  
  100  6:14  Baneling x5, Drone  
  103  6:21  Zergling x6  
  103  6:24  Drone  
  107  6:26  Centrifical Hooks  
  107  6:30  Drone  
  107  6:31  Zergling x2, Drone  
  110  6:39  Zergling x2  
  111  6:46  Overlord x2  
  111  6:48  Zergling x10  
  111  6:49  Zergling x2  
  117  6:57  Zergling x4  
  117  6:58  Zergling x10  
  124  7:03  Infestation Pit  
  124  7:05  Zergling x10  
  126  7:14  Zergling x8  
  117  7:18  Drone x3  
  117  7:21  Drone x4  
  117  7:22  Drone  
  125  7:23  Baneling  
  125  7:24  Baneling, Drone  
  125  7:25  Drone x2  
  125  7:28  Zergling x6  
  131  7:30  Drone  
  131  7:33  Zergling x2  
  131  7:34  Baneling  
  131  7:35  Hatchery  
  131  7:41  Drone x4  
  131  7:42  Hive  
  131  7:43  Spore Crawler x2, Pneumatized Carapace  
  133  7:47  Zerg Ground Armor Level 2, Burrow  
  133  7:48  Zergling x10  
  137  7:53  Zergling x8  
  137  7:54  Zergling x2  
  142  8:05  Overlord x2  
  141  8:09  Baneling  
  141  8:10  Baneling x6  
  138  8:14  Zergling x2  
  138  8:15  Zergling x4  
  138  8:16  Overlord x2  
  141  8:24  Baneling x5  
  141  8:26  Zergling x28  
  154  8:29  Baneling  
  154  8:32  Zergling x2  
  154  8:33  Zergling x10  
  158  8:38  Zergling x8  
  158  8:39  Zergling x8  
  158  8:41  Baneling x2  
  166  8:43  Hatchery  
  166  8:48  Baneling x4  
  165  8:55  Zergling x18  
  167  8:56  Zerg Melee Weapons Level 2  
  172  9:04  Zergling x4  
  172  9:06  Zergling x12  
  145  9:24  Zergling x2, Adrenal Glands  
  142  9:25  Zergling x22  
  120  9:31  Zergling x2  
  120  9:32  Zergling x2  
  120  9:34  Zergling x2  
  120  9:36  Baneling x12  
  120  9:37  Baneling  
  122  9:40  Zergling x8  
  122  9:42  Zergling x4  
  122  9:43  Zergling x2  
  122  9:45  Baneling x3  
  98  10:00  Zergling x20  
  98  10:02  Baneling x5  
  98  10:03  Baneling x4  
  98  10:05  Zergling x2  
  98  10:06  Zergling x2  
  104  10:08  Baneling x3  
  104  10:09  Zerg Ground Armor Level 3, Zergling x2  
  99  10:20  Zergling x26  
  99  10:21  Zergling x4  
  102  10:27  Zergling x2  
  102  10:28  Zergling x10  
  105  10:32  Drone x3  
  105  10:34  Zergling x6  
  107  10:36  Viper x2  
  107  10:41  Drone  
  107  10:42  Drone x2  
  116  10:43  Drone  
  116  10:45  Zergling x4  
  116  10:49  Viper  
  122  10:54  Drone  
  122  10:55  Drone x3  
  126  10:58  Hatchery  
  126  11:00  Zergling x4  
  126  11:02  Baneling x2  
  127  11:05  Zergling x4  
  128  11:12  Zerg Melee Weapons Level 3  
  128  11:14  Queen  
  128  11:15  Zergling x2  
  128  11:16  Zergling x12  
  135  11:22  Zergling x4  
  137  11:30  Baneling x4  
  137  11:31  Baneling x4  
  137  11:32  Zergling x18  
  145  11:33  Zergling x2  
  145  11:37  Zergling x4  
  147  11:40  Zergling x4  
  148  11:51  Zergling x12  
  148  11:52  Zergling x16  
  148  11:53  Zergling x2  
  163  11:55  Zergling x4  
  163  11:59  Baneling  
  163  12:00  Baneling x6, Zergling x4  
  164  12:02  Zergling x2  
  164  12:07  Unknown x2  
  155  12:10  Zergling x10  
  155  12:12  Zergling x2  
  153  12:16  Zergling x4  
  153  12:17  Zergling x2  
  155  12:25  Zergling x2  
  151  12:30  Zergling x4  
  151  12:31  Zergling x8  
  151  12:32  Zergling x2  
  151  12:35  Ultralisk Cavern  
  157  12:37  Zergling x6  
  157  12:38  Baneling x3  
  157  12:40  Spore Crawler  
  157  12:43  Zergling x8  
  163  12:45  Baneling x2  
  163  12:46  Baneling x3, Zergling x2  
  163  12:47  Zergling x2  
  163  12:49  Drone  
  163  12:51  Zergling x2  
  167  12:52  Baneling  
  167  12:53  Baneling x8  
  157  12:59  Unknown  
  157  13:00  Unknown  
  157  13:04  Zergling x12  
  130  13:11  Zergling x10  
  130  13:12  Zergling x12  
  141  13:13  Baneling x5  
  141  13:15  Zergling x4  
  141  13:17  Zergling x2  
  141  13:18  Zergling x6  
  147  13:22  Baneling x6  
  147  13:28  Unknown  
  147  13:32  Ultralisk  
  131  13:34  Zergling x16  
  131  13:35  Zergling x4  
  131  13:39  Zergling x6  
  127  13:45  Ultralisk  
  127  13:47  Zergling x4  
  126  13:50  Zergling x2  
  126  13:51  Zergling x6  
  126  13:53  Zergling x4  
  130  13:59  Hatchery, Zergling x2  
  130  14:05  Zergling x10  
  130  14:07  Zergling x4  
  130  14:08  Baneling x2, Zergling x2  
  130  14:09  Baneling  
  138  14:11  Zergling x4  
  138  14:13  Chitinous Plating  
  138  14:15  Zergling x2  
  141  14:17  Zergling x4  
  141  14:19  Baneling, Zergling x4  
  141  14:21  Zergling x4  
  141  14:23  Zergling x4  
  149  14:26  Zergling x4  
  151  14:32  Zergling x8  
  151  14:35  Baneling x5, Zergling x2  
  151  14:36  Zergling x4  
  151  14:37  Baneling x2, Zergling x2  
  151  14:38  Baneling  
  155  14:40  Zergling x4  
  155  14:41  Baneling  
  155  14:42  Baneling  
  155  14:45  Zergling x6  
  160  14:50  Zergling x8  
  160  14:51  Zergling x4  
  166  14:52  Baneling  
  166  14:53  Baneling x3  
  166  14:57  Unknown x2  
  137  15:01  Zergling x14  
  137  15:02  Zergling x2  
  121  15:08  Baneling x2  
  121  15:13  Zergling x4  
  121  15:14  Zergling x20  
  123  15:16  Zergling x4  
  123  15:18  Baneling  
  132  15:21  Zergling x10  
  132  15:28  Zergling x12  
  132  15:29  Baneling x2  
  132  15:30  Baneling  
  132  15:35  Zergling x10  
  139  15:46  Viper x4  
  146  15:51  Baneling  
  146  15:56  Baneling x4  
  152  16:03  Drone x2  
Show
View Real Time Build Order
Export as new Build Order

INnoVation Terran 

Build Orders: Reaper Expand, MMM Bio 

Get SALT Encoding   

  12  0:00  SCV  
  13  0:12  SCV  
  14  0:17  Supply Depot  
  14  0:24  SCV  
  15  0:38  SCV  
  15  0:39  Barracks  
  16  0:43  Refinery  
  16  0:50  SCV  
  17  1:02  SCV  
  18  1:15  SCV  
  19  1:26  Reaper  
  19  1:27  Orbital Command  
  20  1:39  Command Center  
  20  1:49  Barracks  
  20  1:53  SCV  
  21  1:59  Barracks Reactor  
  21  2:05  SCV  
  22  2:08  Supply Depot  
  22  2:17  SCV  
  22  2:18  Refinery  
  22  2:21  Factory  
  23  2:30  SCV  
  23  2:34  Marine x2  
  26  2:37  Barracks Tech Lab  
  26  2:42  SCV  
  27  2:52  Orbital Command  
  27  2:54  SCV  
  27  2:56  Marine x2  
  30  2:59  Stimpack  
  30  3:01  Marine  
  31  3:06  SCV  
  32  3:15  Starport  
  32  3:18  SCV x2  
  34  3:23  Factory Reactor  
  34  3:24  Marine x2  
  34  3:25  Marine  
  37  3:30  SCV x2  
  39  3:36  Supply Depot  
  39  3:43  SCV x2, Marine x2  
  39  3:44  Marine  
  44  3:52  Supply Depot  
  45  3:55  SCV x2  
  45  4:02  Medivac x2  
  48  4:03  Marine x3  
  53  4:13  Engineering Bay  
  53  4:15  Engineering Bay  
  53  4:16  SCV x2  
  55  4:19  Supply Depot  
  55  4:21  Marine  
  55  4:22  Marine  
  55  4:23  Marine  
  58  4:28  SCV x2  
  60  4:39  Terran Infantry Weapons Level 1  
  60  4:41  Terran Infantry Armor Level 1, Marine x3  
  60  4:42  Supply Depot  
  60  4:44  SCV x2  
  65  4:55  Supply Depot  
  65  4:56  SCV x2  
  65  4:58  Marine  
  65  4:59  Combat Shield, Marine x2  
  70  5:09  Command Center  
  70  5:11  SCV x2  
  72  5:15  Supply Depot  
  72  5:20  Marine x3  
  75  5:23  SCV x2  
  75  5:26  Refinery  
  75  5:27  Refinery  
  75  5:28  Medivac  
  79  5:31  Medivac  
  81  5:35  SCV  
  81  5:36  SCV  
  81  5:39  Marine x3  
  86  5:47  Supply Depot  
  86  5:48  SCV  
  86  5:49  SCV  
  88  5:52  Armory  
  88  5:57  Marine x3  
  88  5:58  Factory Tech Lab  
  91  6:06  SCV  
  91  6:07  SCV  
  91  6:18  Siege Tank, Barracks x2  
  94  6:19  SCV x2  
  94  6:20  Supply Depot, Barracks  
  94  6:24  Orbital Command  
  96  6:30  Marine x3  
  99  6:34  SCV x2  
  99  6:39  Terran Infantry Weapons Level 2  
  101  6:43  Terran Infantry Armor Level 2  
  101  6:47  Orbital Command  
  102  6:54  SCV x2  
  102  6:57  Marine x3  
  102  7:01  Siege Tank  
  109  7:05  Supply Depot, Barracks Reactor x2  
  109  7:07  SCV x2  
  104  7:17  SCV  
  104  7:19  SCV  
  104  7:20  SCV  
  107  7:25  Marauder, Marine x2  
  107  7:27  Barracks Reactor  
  111  7:31  SCV  
  111  7:32  SCV x2  
  111  7:33  Siege Tank, Refinery  
  111  7:34  Refinery  
  117  7:41  Medivac x2  
  117  7:42  Marine  
  117  7:43  Marine x5  
  126  7:47  Marauder  
  128  7:52  SCV x3  
  131  8:00  Marine  
  131  8:01  Marine  
  131  8:05  Supply Depot  
  133  8:06  Supply Depot x2  
  133  8:07  Marine  
  133  8:22  Sensor Tower  
  133  8:25  Terran Vehicle And Ship Armor Level 1  
  133  8:26  Marauder, Siege Tank, Marine, Medivac  
  141  8:27  Marine x6, Medivac  
  141  8:28  Supply Depot, Marine  
  150  8:40  Orbital Command  
  150  8:44  Marine  
  150  8:45  Marine x6  
  150  8:46  Marine  
  150  8:48  Marauder  
  137  9:01  Terran Infantry Armor Level 3, Terran Infantry Weapons Level 3  
  137  9:02  Marine  
  137  9:03  Marine x4  
  137  9:09  Supply Depot  
  141  9:11  Supply Depot x2  
  141  9:12  Marine x2  
  141  9:13  Marine  
  141  9:15  Marauder  
  131  9:19  Marine  
  131  9:21  Marine x3  
  125  9:30  Marine  
  106  9:32  Siege Tank  
  106  9:34  Marine, Medivac x2  
  106  9:35  Marine x2  
  106  9:36  Marauder  
  106  9:37  Marine  
  119  9:40  SCV x2  
  121  9:47  Marine  
  121  9:48  Marine x3  
  108  10:02  Marauder  
  108  10:03  Marine x4  
  108  10:04  Medivac x2  
  108  10:05  Orbital Command, Marine x3  
  116  10:12  Marine  
  113  10:21  Siege Tank, Marine x4  
  98  10:23  Marine x3  
  98  10:24  Marauder  
  95  10:30  SCV x2  
  95  10:31  SCV  
  92  10:40  Marine x3  
  92  10:41  Marine x3  
  98  10:50  SCV x2  
  98  10:51  SCV  
  98  10:53  Siege Tank  
  98  10:55  Marine  
  98  10:56  Marauder, Marine  
  108  11:00  Marine x2  
  110  11:04  Marine x4  
  113  11:13  Medivac  
  113  11:14  Marine x2, Medivac  
  113  11:17  Marine  
  113  11:18  Marine x2  
  117  11:23  Marine  
  123  11:25  Siege Tank  
  123  11:26  Marine x3  
  123  11:32  Marine x2  
  128  11:35  Marauder  
  130  11:43  Marine x3  
  130  11:44  Marine x3  
  134  11:49  Marine  
  134  11:50  Marine  
  134  11:51  Medivac x2  
  139  11:56  Marauder  
  139  11:57  Siege Tank  
  134  12:01  Marine x4  
  109  12:15  Marine x2  
  109  12:16  Marine x2  
  109  12:18  Marauder  
  109  12:19  Marine x4  
  119  12:29  Siege Tank, Medivac x2  
  122  12:33  Marine x4  
  122  12:37  Marine x2  
  126  12:39  Marauder  
  126  12:44  Marine x2  
  130  12:51  Marine x4  
  132  12:54  Marine  
  132  13:01  Marauder  
  118  13:06  Medivac x2  
  118  13:08  Marine  
  118  13:09  Marine x6  
  118  13:12  Siege Tank, Marine  
  133  13:21  Marine  
  133  13:26  Marine x3  
  133  13:27  Marine x4  
  111  13:36  Marine  
  111  13:39  Marine  
  111  13:40  Liberator  
  102  13:44  Marine x5  
  96  13:50  Marine x2  
  96  13:54  Marine  
  96  13:55  Siege Tank  
  94  13:57  Marine  
  94  14:02  Marine x5  
  99  14:08  Marine x2  
  103  14:12  Marine  
  103  14:15  Marine  
  105  14:20  Marine x3  
  105  14:22  Marine  
  105  14:23  Orbital Command, Marine  
  110  14:26  Marine x2  
  110  14:30  Marine  
  113  14:33  Marine  
  113  14:35  Siege Tank  
  113  14:37  Marine  
  118  14:48  Marine x2  
  118  14:49  Marine  
  118  14:50  Marine  
  118  14:51  Marauder  
  124  14:52  Marine  
  124  14:53  Marine  
  124  14:56  Marine  
  90  15:09  Marine x4  
  90  15:12  Marauder  
  88  15:22  Marine  
  79  15:55  Marine  
  80  15:57  Marine  
Tags
 
Add a new tag
Caveats
  • Supply blocks, unpowered buildings, or Contaminate may cause inaccurate times.
  • Supply counts are checked every 10 seconds.